 Dungeon Crawl Stone Soup version 0.16-a0-1970-g0967df0 (webtiles) character file.

103 thegroundistoosoft the Insei (level 4, -1/35 HPs)
             Began as a Mummy Monk on Nov 8, 2014.
             Slain by an adder (5 damage)
             ... on level 2 of the Dungeon.
             The game lasted 00:10:03 (3519 turns).

thegroundistoosoft the Insei (Mummy Monk)           Turns: 3519, Time: 00:10:04

Health: -1/35      AC:  0    Str: 14    XL:     4   Next: 51%
Magic:  4/4        EV: 13    Int:  9    God:
Gold:   107        SH:  0    Dex: 15    Spells: 0 memorised, 3 levels left

rFire  x . .     SeeInvis .       - Unarmed
rCold  + . .     Clarity  .     (no armour)
rNeg   + + +     SustAb   .     (no shield)
rPois  +         Gourm    +     (no helmet)
rElec  .         Spirit   .     (no cloak)
rCorr  .         Warding  .     (no gloves)
rMut   .         Stasis   .     (no boots)
MR     .....                    i - amulet of the gourmand
Stlth  +++.......               (no ring)
                                g - ring of stealth

@: not resistant to hostile enchantments, fairly stealthy
A: no food or potions, fire vulnerability, restore body, cold resistance 1,
negative energy resistance 3, poison resistance, torment resistance, unbreathing
a: no special abilities


You were on level 2 of the Dungeon.
You were not hungry.

You visited 1 branch of the dungeon, and saw 2 of its levels.

You collected 107 gold pieces.


Innate Abilities, Weirdness & Mutations

You do not eat or drink.
Your flesh is vulnerable to fire.
Your flesh is cold resistant.
You are immune to negative energy.
Your system is resistant to poisons.
You are immune to unholy pain and torment.
You can survive without breathing.


   Skills:
 - Level 3.0 Fighting
 - Level 2.4 Dodging
 - Level 1.5 Stealth
 + Level 5.0 Unarmed Combat


You had 3 spell levels left.
You didn't know any spells.

Inventory:

Jewellery
 c - an uncursed amulet of resist corrosion
 g - a ring of stealth (left hand)
 i - an amulet of the gourmand (around neck)
Scrolls
 a - a scroll of remove curse
 b - a scroll of identify {unknown}
 e - a scroll of enchant armour {unknown}
 h - a scroll of teleportation {unknown}
Comestibles
 d - a royal jelly
 f - 2 fruits

Dungeon Overview and Level Annotations

Branches:
Dungeon (2/15)

Altars:
Makhleb
Sif Muna
Vehumet

Annotations:
D:1 Terence
D:2 exclusion: upstairs

....# #### #....# ...#
#....# ##.######.##
#....#
....?.......###....# #
.#.#.####<......!..# .#
.#.#.# ..........####.#
......
.....[..........#
.#.#.#. .......S@.....#
##.#.#..#.#.......#...#
...... .# #.......#...#
...... . #.......#...#
...... #..######...#
...... #.. ##'## ......
. #.# ....... #.#
####'# #. #.#


You could see an adder.


Message History

The adder bites you.
* * * LOW HITPOINT WARNING * * *
You miss the adder.
The adder is severely wounded.
The adder closely misses you.
You hit the adder.
The adder is severely wounded.
The adder barely misses you.
You barely miss the adder.
The adder is severely wounded.
The adder closely misses you.
You completely miss the adder.
The adder is severely wounded.
The adder bites you.
* * * LOW HITPOINT WARNING * * *
The adder bites you.
* * * LOW HITPOINT WARNING * * *
You closely miss the adder.
The adder is severely wounded.
The adder bites you.
* * * LOW HITPOINT WARNING * * *
Read which item? (? for menu, Esc to quit)
As you read the scroll labeled PAJOEMMEAR, it crumbles to dust.
You feel blessed for a moment.
It was a scroll of remove curse.
The adder bites you.
* * * LOW HITPOINT WARNING * * *
You closely miss the adder.
The adder is severely wounded.
The adder bites you.
You die...

Action                   |  1- 3 |  4- 6 || total
-------------------------+-------+-------++-------
Melee: Unarmed           |   156 |    64 ||   220
  Use: Scroll            |       |     1 ||     1
 Stab: Sleeping          |     3 |       ||     3

Vault maps used:
D:1:      lightli_arrival_lavapool
D:2:      grunt_temple_overflow_open, st_stairs_4, uniq_terence

Notes
Turn   | Place    | Note
--------------------------------------------------------------
     0 | D:1      | thegroundistoosoft, the Mummy Monk, began the quest for the Orb.
     0 | D:1      | Reached XP level 1. HP: 18/18 MP: 1/1
     7 | D:1      | Artagel: the time has come
     7 | D:1      | BEWARE
   104 | D:1      | thegroundistoosoft: pfff
   270 | D:1      | Artagel: not even close
   346 | D:1      | Reached XP level 2. HP: 24/24 MP: 2/2
   665 | D:1      | thegroundistoosoft: k
   740 | D:1      | thegroundistoosoft: not today
   904 | D:1      | Reached skill level 4 in Unarmed Combat
  1455 | D:1      | Reached XP level 3. HP: 29/29 MP: 3/3
  2727 | D:2      | Reached XP level 4. HP: 26/35 MP: 4/4
  2860 | D:2      | Found a radiant altar of Vehumet.
  2883 | D:2      | Found a deep blue altar of Sif Muna.
  2883 | D:2      | Found a burning altar of Makhleb.
  2916 | D:2      | Noticed Terence
  2916 | D:2      | thegroundistoosoft: shiny scmail
  2916 | D:2      | thegroundistoosoft: fists not gud enough for that
  3480 | D:2      | Reached skill level 5 in Unarmed Combat
  3519 | D:2      | Slain by an adder

Vanquished Creatures
  4 adders (D:2)
  2 worms (D:2)
  A giant gecko (D:1)
  An ooze (D:2)
  5 bats
  6 goblins
  9 hobgoblins
  3 jackals (D:1)
  3 ball pythons (D:1)
  3 giant cockroaches
  2 giant newts (D:2)
  9 kobolds
  8 rats
56 creatures vanquished.
